Map: Dusk Towers

Players

AiLillekanin (Lillekanin) - Winner!

  • Race: Terran Terran
  • League: Master

Snovski

  • Race: Protoss Protoss
  • League: Master

Event: DreamHack ZOWIE Open Leipzig

VOD

Have the link to the VOD?

Description

Time

  • Played on: Jan. 22, 2016, 7:41 a.m.
  • Length: 11:27

All games in this series

Show
View Real Time Build Order
Export as new Build Order

AiLillekanin Terran - Winner!

Build Orders: Liberator Opening, MMM Bio 

Get SALT Encoding   

  12  0:01  SCV  
  13  0:13  SCV  
  14  0:18  Supply Depot  
  14  0:25  SCV  
  15  0:39  SCV  
  15  0:41  Barracks  
  16  0:44  Refinery  
  16  0:51  SCV  
  17  1:03  SCV  
  18  1:16  SCV  
  19  1:28  Orbital Command  
  19  1:29  Barracks Reactor  
  19  1:42  Command Center  
  19  1:52  Supply Depot  
  19  1:54  SCV  
  20  2:05  Marine  
  20  2:06  Marine  
  20  2:07  SCV  
  23  2:16  Factory  
  23  2:21  SCV, Refinery  
  24  2:24  Marine  
  24  2:27  Marine  
  26  2:33  SCV  
  27  2:42  Marine  
  28  2:44  Marine  
  28  2:45  SCV  
  30  2:57  SCV  
  32  2:59  Orbital Command  
  32  3:03  Starport  
  31  3:06  Marine x2  
  31  3:11  Factory Tech Lab  
  32  3:15  SCV  
  33  3:25  Marine x2  
  35  3:27  SCV, Liberator  
  35  3:28  SCV  
  35  3:31  Cyclone  
  40  3:38  Supply Depot  
  40  3:39  SCV  
  40  3:40  SCV  
  45  3:51  SCV  
  46  3:59  SCV, Marine x2  
  46  4:00  Supply Depot  
  49  4:03  SCV  
  50  4:11  SCV  
  50  4:13  Cyclone  
  54  4:22  SCV, Marine x2  
  54  4:23  SCV  
  58  4:31  Supply Depot  
  58  4:34  SCV  
  58  4:35  SCV  
  58  4:38  Starport Reactor  
  60  4:40  Command Center  
  60  4:44  Marine x2  
  62  4:51  Engineering Bay  
  62  4:53  SCV x2  
  62  4:57  Refinery  
  64  5:02  Siege Tank  
  64  5:05  SCV x2  
  69  5:10  Refinery  
  69  5:13  Supply Depot  
  70  5:17  Supply Depot, SCV  
  70  5:24  Barracks  
  70  5:25  Barracks  
  70  5:28  Missile Turret  
  70  5:31  Missile Turret  
  70  5:34  Marine  
  71  5:42  Missile Turret, Marine  
  70  5:52  Medivac x2, Marine  
  74  5:59  SCV, Marine, Orbital Command  
  74  6:03  SCV  
  77  6:08  Siege Tank  
  77  6:11  SCV  
  81  6:12  Barracks Tech Lab  
  81  6:13  Liberator  
  81  6:15  SCV, Missile Turret  
  81  6:16  Barracks Tech Lab  
  81  6:17  Liberator  
  79  6:20  Terran Infantry Weapons Level 1  
  79  6:23  SCV  
  83  6:37  SCV  
  87  6:43  Supply Depot  
  87  6:44  Siege Tank  
  87  6:46  SCV  
  91  6:54  Combat Shields  
  91  6:55  Stimpack  
  91  6:56  Marine  
  92  7:01  Marine x2  
  92  7:08  Barracks  
  94  7:09  SCV, Barracks  
  94  7:11  SCV, Orbital Command  
  96  7:21  SCV  
  97  7:26  Medivac x2  
  101  7:38  SCV x2  
  101  7:39  SCV  
  101  7:43  Missile Turret, Marine x2  
  106  7:49  Barracks  
  106  7:50  SCV x2  
  106  7:51  SCV, Refinery  
  108  7:52  Barracks  
  109  7:58  Supply Depot  
  109  8:00  Supply Depot  
  109  8:01  Missile Turret  
  109  8:10  Missile Turret  
  109  8:11  Supply Depot  
  109  8:13  Supply Depot  
  109  8:19  Marine x3  
  71  8:20  Supply Depot x2, Medivac x2  
  109  8:24  Marine  
  109  8:25  Missile Turret, Marine  
  118  8:28  Marine  
  118  8:32  Missile Turret  
  119  8:35  Missile Turret  
  119  8:37  Marine  
  114  8:55  SCV  
  114  8:56  SCV, Marine x2  
  114  8:57  Marine x3  
  114  9:01  Terran Infantry Armor Level 1  
  121  9:06  Marine  
  121  9:07  Marine x2  
  124  9:13  Medivac x2  
  124  9:14  Marine x2  
  124  9:15  Marine x3  
  133  9:20  Siege Tank  
  136  9:24  Marine x2  
  136  9:25  Marine  
  139  9:32  Marine x2  
  139  9:33  Marine x2  
  143  9:40  Marine  
  143  9:42  Marine x3  
  147  9:50  Marine x3  
  147  9:51  Medivac x2, Marine  
  155  9:54  Supply Depot  
  155  9:55  Supply Depot  
  155  9:58  Marine  
  156  10:00  Missile Turret, Marine  
  156  10:01  Missile Turret  
  157  10:13  Supply Depot x2  
  157  10:15  Marine x6  
  157  10:16  Marine  
  157  10:17  Siege Tank  
  157  10:18  Marine  
  157  10:20  Missile Turret  
  168  10:21  Medivac x2  
  172  10:33  Marine  
  172  10:34  Marine x6  
  179  10:35  Marine  
  180  10:49  Siege Tank  
  183  10:51  Marine  
  183  10:52  Marine x2  
  183  10:53  Supply Depot  
  183  10:55  Marine  
  183  10:56  Marine x2  
  161  11:07  Marine x2  
  161  11:08  Marine  
Show
View Real Time Build Order
Export as new Build Order

Snovski Protoss 

Build Orders: 1 Gate Expand, Dark Templar Rush 

Get SALT Encoding   

  12  0:01  Probe (Chrono Boost)  
  13  0:11  Probe (Chrono Boost)  
  14  0:18  Pylon  
  14  0:22  Probe (Chrono Boost)  
  15  0:36  Probe (Chrono Boost)  
  15  0:37  Gateway  
  16  0:47  Probe (Chrono Boost)  
  17  0:57  Probe (Chrono Boost)  
  18  1:08  Probe (Chrono Boost)  
  19  1:15  Nexus  
  20  1:18  Probe (Chrono Boost)  
  20  1:23  Assimilator  
  20  1:28  Assimilator  
  20  1:31  Probe (Chrono Boost)  
  21  1:40  Cybernetics Core  
  21  1:43  Probe (Chrono Boost)  
  22  1:54  Probe (Chrono Boost), Pylon  
  23  2:17  Mothership Core (Chrono Boost), Adept (Chrono Boost)  
  27  2:25  Probe  
  27  2:28  Warp Gate  
  28  2:31  Pylon  
  28  2:36  Probe  
  28  2:38  Probe  
  30  2:45  Adept (Chrono Boost)  
  30  2:47  Probe  
  30  2:49  Twilight Council  
  30  2:50  Probe  
  34  2:57  Probe  
  34  3:04  Probe (Chrono Boost)  
  36  3:06  Robotics Facility  
  36  3:11  Probe (Chrono Boost)  
  37  3:15  Assimilator  
  37  3:20  Probe (Chrono Boost)  
  37  3:23  Probe (Chrono Boost)  
  37  3:26  Pylon  
  39  3:33  Dark Shrine  
  39  3:37  Probe x2 (Chrono Boost)  
  41  3:44  Gateway  
  42  3:50  Gateway  
  41  3:56  Warp Prism (Chrono Boost)  
  41  3:59  Probe x2  
  45  4:07  Pylon  
  45  4:10  Probe  
  45  4:11  Probe  
  47  4:17  Gateway  
  47  4:25  Pylon  
  47  4:27  Probe x2  
  47  4:28  Observer (Chrono Boost)  
  50  4:37  Probe  
  50  4:40  Probe  
  50  4:42  Stalker x2  
  56  4:46  Assimilator  
  56  4:48  Probe  
  56  4:50  Observer (Chrono Boost)  
  58  5:03  Dark Templar  
  58  5:07  Dark Templar x2  
  62  5:09  Probe x2  
  66  5:15  Pylon, Blink (Chrono Boost)  
  66  5:21  Probe x2  
  68  5:33  Stalker  
  70  5:36  Probe  
  70  5:37  Probe  
  72  5:44  Immortal  
  72  5:49  Probe  
  77  5:50  Nexus  
  77  5:57  Probe  
  77  5:58  Pylon  
  77  6:01  Probe  
  77  6:03  Stalker x3  
  85  6:08  Stalker  
  85  6:10  Probe  
  84  6:13  Probe  
  81  6:21  Forge  
  81  6:22  Probe  
  81  6:23  Forge  
  82  6:26  Probe  
  82  6:32  Pylon  
  83  6:35  Probe  
  83  6:38  Probe  
  83  6:39  Immortal (Chrono Boost)  
  90  6:47  Probe  
  90  6:50  Probe  
  90  6:53  Protoss Ground Weapons Level 1 (Chrono Boost)  
  91  6:58  Protoss Ground Armor Level 1 (Chrono Boost)  
  91  6:59  Probe  
  92  7:02  Probe  
  92  7:03  Photon Cannon x2  
  92  7:04  Probe  
  94  7:10  Stalker x2  
  94  7:11  Stalker  
  100  7:19  Warp Prism (Chrono Boost)  
  100  7:20  Probe  
  100  7:21  Probe  
  100  7:22  Probe  
  103  7:24  Assimilator  
  103  7:28  Assimilator  
  103  7:30  Pylon  
  101  7:37  Gateway  
  101  7:39  Gateway  
  101  7:45  Gateway  
  101  7:46  Gateway  
  101  7:50  Templar Archives  
  101  7:53  Gateway  
  101  7:55  Gateway, Probe  
  103  8:00  Probe  
  103  8:01  Probe  
  105  8:08  Probe, Immortal (Chrono Boost)  
  105  8:09  Dark Templar x2  
  113  8:13  Archon  
  113  8:14  Dark Templar, Pylon  
  113  8:16  Dark Templar  
  117  8:20  Archon  
  117  8:23  Pylon  
  117  8:32  Pylon  
  117  8:42  Protoss Ground Armor Level 2 (Chrono Boost)  
  117  8:44  Immortal, Protoss Ground Weapons Level 2 (Chrono Boost)  
  117  8:45  Nexus  
  115  9:03  Photon Cannon  
  115  9:04  High Templar  
  115  9:05  High Templar x3  
  115  9:09  Gateway  
  123  9:12  Stalker x3  
  123  9:13  Stalker  
  123  9:15  Archon x2  
  131  9:21  Dark Templar  
  131  9:22  Dark Templar  
  135  9:28  Pylon  
  135  9:36  Stalker x3  
  135  9:37  Stalker x3  
  145  9:40  Stalker x2  
  147  9:51  Immortal  
  151  9:58  Pylon  
  151  9:59  Pylon  
  150  10:02  Dark Templar x2, Pylon  
  154  10:10  Adept x4  
  154  10:14  Pylon  
  162  10:22  Stalker x3  
  168  10:28  Probe  
  169  10:36  Dark Templar x2  
  169  10:39  Probe  
  169  10:41  Archon  
  170  10:44  Adept x5  
  170  10:49  Probe, Archon  
  180  10:50  Stalker x2  
  173  11:00  Stalker  
  173  11:01  Stalker  
  149  11:07  Stalker x4  
  133  11:15  Dark Templar  
  107  11:18  Zealot x2  

Tags
 
Add a new tag
Caveats
  • Supply blocks, unpowered buildings, or Contaminate may cause inaccurate times.
  • Supply counts are checked every 10 seconds.